Map: [ESL] Tropical Sacrifice

Players

Ranger

  • Race: Protoss Protoss
  • Spawn Location: 7:00

MeomaikA - Winner!

  • Race: Zerg Zerg
  • Spawn Location: 1:00

Event: DreamHack SC2 Masters 2022 Atlanta (Online)

VOD

Have the link to the VOD?

Description

Time

  • Played on: Oct. 1, 2022, 6:23 a.m.
  • Length: 13:07

All games in this series

Show
View Real Time Build Order
Export as new Build Order

Ranger Protoss 

Build Orders: 1 Gate Expand, Archon Immortal 

Get SALT Encoding   

  12  0:00  Probe  
  13  0:12  Probe  
  14  0:20  Pylon  
  14  0:24  Probe  
  15  0:38  Probe (Chrono Boost)  
  15  0:39  Gateway  
  16  0:48  Assimilator  
  16  0:49  Probe (Chrono Boost)  
  17  0:54  Probe (Chrono Boost)  
  18  1:04  Probe  
  19  1:16  Probe  
  20  1:28  Cybernetics Core  
  20  1:36  Nexus  
  20  1:43  Pylon  
  20  1:45  Probe  
  21  1:51  Assimilator  
  21  1:58  Probe  
  22  2:03  Adept (Chrono Boost)  
  24  2:10  Probe  
  25  2:22  Probe  
  25  2:44  Pylon  
  25  2:48  Probe (Chrono Boost)  
  27  2:53  Probe (Chrono Boost)  
  27  2:57  Adept  
  27  2:58  Probe (Chrono Boost)  
  28  3:01  Probe (Chrono Boost)  
  28  3:04  Warp Gate  
  29  3:08  Probe (Chrono Boost)  
  29  3:12  Probe (Chrono Boost)  
  32  3:21  Probe (Chrono Boost)  
  32  3:22  Probe (Chrono Boost)  
  32  3:24  Gateway  
  32  3:26  Probe (Chrono Boost)  
  33  3:29  Probe  
  35  3:35  Sentry  
  35  3:38  Probe  
  38  3:41  Probe  
  38  3:44  Robotics Facility  
  39  3:50  Probe (Chrono Boost)  
  39  3:54  Pylon  
  41  3:58  Probe (Chrono Boost)  
  41  4:02  Sentry, Probe (Chrono Boost)  
  44  4:07  Probe (Chrono Boost), Pylon  
  44  4:08  Probe (Chrono Boost)  
  46  4:13  Shield Battery  
  46  4:16  Probe  
  47  4:18  Probe  
  47  4:21  Twilight Council  
  47  4:22  Sentry  
  50  4:25  Assimilator  
  50  4:28  Probe  
  51  4:32  Assimilator  
  51  4:34  Probe  
  51  4:35  Warp Prism (Chrono Boost)  
  52  4:41  Probe  
  55  4:46  Probe  
  55  4:52  Pylon  
  56  4:53  Probe  
  56  4:59  Sentry x2  
  61  5:04  Dark Shrine  
  61  5:06  Pylon  
  61  5:07  Probe  
  61  5:10  Probe  
  63  5:16  Observer  
  63  5:19  Nexus  
  64  5:22  Pylon  
  64  5:25  Sentry x2  
  68  5:29  Shield Battery  
  68  5:49  Zealot  
  66  5:50  Zealot  
  66  5:55  Immortal (Chrono Boost)  
  65  5:58  Probe  
  65  6:01  Probe  
  69  6:10  Probe  
  70  6:13  Probe  
  71  6:19  Shield Battery  
  71  6:22  Gateway, Pylon  
  71  6:23  Gateway, Probe  
  68  6:25  Pylon  
  68  6:26  Dark Templar  
  68  6:27  Gateway  
  68  6:28  Shield Battery, Dark Templar  
  68  6:30  Probe  
  68  6:32  Probe  
  74  6:39  Probe  
  75  6:44  Immortal (Chrono Boost)  
  75  6:49  Probe  
  78  6:54  Probe x2 (Chrono Boost)  
  78  6:59  Dark Templar  
  78  7:00  Dark Templar  
  82  7:02  Probe (Chrono Boost)  
  82  7:06  Probe (Chrono Boost)  
  84  7:21  Dark Templar x2  
  84  7:22  Dark Templar, Probe x2  
  92  7:24  Pylon  
  92  7:26  Pylon  
  90  7:32  Forge  
  90  7:33  Archon  
  90  7:34  Sentry  
  90  7:35  Probe  
  90  7:36  Probe  
  94  7:38  Shield Battery  
  94  7:39  Gateway  
  94  7:40  Shield Battery  
  94  7:41  Gateway  
  94  7:42  Shield Battery  
  92  7:52  Zealot  
  92  7:55  Immortal (Chrono Boost)  
  96  8:02  Zealot x4  
  87  8:13  Zealot  
  75  8:22  Stalker x4  
  75  8:26  Probe  
  77  8:28  Immortal (Chrono Boost)  
  69  8:35  Sentry  
  69  8:42  Robotics Bay  
  69  8:43  Charge (Chrono Boost)  
  69  8:45  Zealot x2  
  73  8:50  Sentry  
  73  8:52  Sentry  
  77  8:56  Pylon  
  77  8:58  Pylon  
  77  9:00  Pylon  
  76  9:04  Immortal (Chrono Boost)  
  76  9:08  Protoss Ground Weapons Level 1 (Chrono Boost)  
  80  9:10  Observer  
  80  9:21  Dark Templar  
  82  9:29  Nexus  
  82  9:31  Pylon  
  82  9:34  Dark Templar  
  83  9:40  Archon  
  83  9:42  Adept x2  
  87  9:49  Disruptor  
  87  9:51  Zealot x2  
  94  9:59  Zealot x2  
  96  10:06  Sentry  
  98  10:13  Shield Battery  
  98  10:14  Shield Battery  
  98  10:17  Pylon  
  98  10:18  Probe x2  
  100  10:24  Dark Templar  
  100  10:26  Disruptor (Chrono Boost)  
  102  10:32  Probe  
  106  10:37  Dark Templar  
  108  11:00  Stalker x2  
  108  11:01  Stalker x2  
  108  11:02  Stalker  
  111  11:13  Probe x2  
  111  11:14  Probe  
  111  11:17  Archon  
  111  11:21  Stalker  
  111  11:22  Stalker  
  113  11:29  Photon Cannon  
  113  11:30  Observer (Chrono Boost)  
  112  11:43  Stalker x2  
  109  12:03  Zealot x4  
  111  12:11  Zealot x2  
  72  12:23  Stalker  
  72  12:24  Dark Templar x2  
  72  12:28  Archon  
  72  12:29  Sentry x2  
  82  12:34  Stalker  
  79  12:47  Zealot x2  
Show
View Real Time Build Order
Export as new Build Order

MeomaikA Zerg - Winner!

Build Orders: Pool First 

Get SALT Encoding   

  12  0:00  Drone  
  13  0:12  Overlord  
  13  0:17  Drone  
  14  0:31  Drone  
  15  0:38  Spawning Pool  
  15  0:41  Drone  
  15  0:46  Drone  
  15  0:49  Drone  
  17  1:10  Drone  
  18  1:18  Hatchery  
  17  1:24  Zergling x4, Extractor  
  18  1:28  Zergling x2  
  19  1:35  Queen  
  22  1:40  Drone  
  22  1:49  Overlord  
  22  2:08  Drone  
  22  2:10  Queen  
  22  2:12  Drone  
  26  2:23  Drone  
  26  2:31  Drone  
  26  2:33  Drone  
  26  2:35  Queen  
  28  2:37  Metabolic Boost  
  28  2:42  Drone  
  28  2:43  Zergling x2  
  30  2:47  Drone  
  30  2:48  Drone  
  30  2:51  Drone  
  33  2:54  Drone  
  34  3:11  Hatchery  
  33  3:13  Drone  
  33  3:15  Drone  
  33  3:17  Drone  
  36  3:23  Overlord  
  36  3:26  Spore Crawler  
  35  3:28  Drone  
  35  3:34  Spore Crawler, Drone  
  36  3:43  Drone x4  
  36  3:45  Drone  
  41  3:50  Drone x2  
  41  3:54  Overlord  
  43  3:56  Drone  
  44  4:03  Lair  
  44  4:07  Extractor  
  44  4:08  Drone  
  44  4:11  Overlord  
  44  4:13  Drone  
  44  4:15  Zergling x4  
  44  4:16  Zergling x2  
  48  4:20  Zergling x4  
  48  4:21  Zergling x2  
  51  4:24  Overlord  
  51  4:26  Drone  
  51  4:28  Drone  
  51  4:30  Drone  
  54  4:32  Drone  
  54  4:38  Drone  
  55  4:42  Overlord  
  55  4:45  Zergling x4, Drone x2  
  58  4:48  Roach Warren  
  58  4:50  Zergling x2  
  58  4:51  Zergling x2  
  60  4:53  Zergling x2  
  61  5:01  Overseer  
  61  5:08  Overlord  
  61  5:09  Drone x2  
  63  5:20  Overlord  
  63  5:22  Overlord  
  63  5:32  Roach x2  
  63  5:33  Roach x6, Overlord  
  63  5:34  Zergling x4  
  63  5:35  Overlord  
  80  5:36  Spore Crawler  
  80  5:37  Drone  
  78  5:45  Drone x2  
  78  5:50  Roach  
  78  5:51  Roach  
  78  5:52  Zergling x4  
  78  5:56  Drone x3  
  84  5:57  Roach  
  84  5:59  Roach x2  
  84  6:02  Glial Reconstitution  
  87  6:09  Zergling x4  
  87  6:11  Zergling x2  
  89  6:16  Overlord  
  89  6:17  Zergling x4  
  90  6:20  Evolution Chamber  
  90  6:23  Evolution Chamber  
  90  6:25  Zergling x6  
  93  6:32  Zergling x4  
  93  6:33  Zergling x2  
  93  6:34  Zergling x4  
  93  6:36  Zergling x2, Hatchery  
  93  6:38  Zergling x2  
  97  6:44  Zergling x4  
  97  6:45  Zergling x4  
  97  6:46  Zergling x6  
  89  6:55  Zergling x4  
  89  6:56  Zergling x2  
  89  6:57  Zerg Melee Weapons Level 1  
  89  6:58  Zerg Missile Weapons Level 1  
  89  6:59  Zergling x2  
  89  7:01  Drone x2  
  95  7:03  Zergling x2  
  95  7:04  Zergling x2  
  97  7:09  Overseer  
  97  7:12  Zergling x4  
  97  7:18  Zergling x4, Overlord  
  97  7:19  Zergling x2  
  99  7:23  Roach  
  99  7:24  Roach  
  99  7:25  Spine Crawler  
  99  7:27  Roach  
  99  7:29  Roach  
  106  7:30  Zergling x2  
  106  7:32  Zergling x4  
  106  7:34  Zergling x2  
  106  7:37  Zergling x2, Ravager x3  
  113  7:39  Zergling x2  
  113  7:40  Zergling x2  
  113  7:42  Zergling x2  
  113  7:43  Zergling x2  
  117  7:46  Zergling x2  
  117  7:47  Zergling x4  
  117  7:51  Zergling x2  
  114  7:53  Zergling x2  
  114  7:55  Zergling x2  
  114  7:59  Zergling x4  
  114  8:01  Zergling x2  
  114  8:02  Zergling x2  
  114  8:03  Zergling x2  
  109  8:06  Zergling x2  
  109  8:08  Zergling x2  
  109  8:09  Zergling x2  
  109  8:10  Zergling x2  
  109  8:11  Zergling x2  
  105  8:13  Zergling x2  
  105  8:15  Zergling x2  
  105  8:16  Zergling x2  
  105  8:18  Zergling x4  
  102  8:20  Zergling x2  
  102  8:22  Zergling x2  
  97  8:30  Zergling x4  
  97  8:31  Zergling x2  
  97  8:36  Drone  
  97  8:37  Drone x2  
  97  8:38  Zergling x2  
  97  8:40  Zergling x2  
  101  8:43  Spire, Extractor  
  101  8:44  Drone  
  101  8:45  Extractor  
  101  8:47  Drone  
  100  8:50  Queen, Drone  
  100  8:51  Drone  
  100  8:53  Drone  
  105  9:03  Drone x2  
  106  9:12  Overseer  
  106  9:14  Drone x2  
  106  9:15  Drone, Extractor  
  106  9:16  Drone x3, Extractor  
  111  9:17  Drone x3, Roach  
  111  9:18  Roach  
  111  9:23  Zerg Missile Weapons Level 2  
  117  9:27  Zerg Melee Weapons Level 2  
  117  9:30  Zergling x4  
  119  9:33  Roach  
  119  9:35  Roach  
  119  9:36  Drone  
  119  9:37  Drone  
  125  9:40  Roach  
  125  9:41  Roach  
  129  9:47  Roach x2  
  129  9:48  Roach  
  129  9:50  Overlord  
  135  9:56  Zerg Flyer Weapons Level 1  
  131  10:09  Mutalisk x4  
  131  10:10  Zergling x2  
  131  10:11  Zergling x6  
  143  10:20  Overlord, Spine Crawler  
  142  10:21  Drone x2  
  142  10:27  Spore Crawler  
  143  10:39  Zergling x2  
  143  10:40  Zergling x16, Overlord x3  
  143  10:41  Overlord  
  151  10:47  Overlord  
  147  10:51  Drone x3  
  147  10:52  Drone  
  147  10:53  Drone  
  147  10:56  Drone  
  151  11:00  Zergling x2  
  151  11:03  Zergling x2  
  153  11:06  Zergling x12  
  153  11:10  Zergling x2  
  160  11:12  Zergling x2  
  160  11:14  Zergling x2  
  160  11:15  Zergling x2  
  160  11:16  Zergling x6  
  160  11:18  Zergling x2  
  167  11:19  Zergling x2  
  167  11:20  Zergling x2  
  169  11:27  Drone x3  
  169  11:29  Overlord  
  172  11:35  Zergling x2  
  172  11:37  Zergling x2  
  172  11:38  Zergling x2  
  172  11:39  Zergling x4  
  177  11:40  Zergling x2  
  177  11:43  Zergling x2  
  177  11:44  Zergling x2  
  180  11:51  Zergling x4  
  180  11:53  Zergling x4  
  180  11:54  Zergling x4  
  173  11:55  Zergling x2  
  173  11:59  Zergling x2  
  159  12:02  Zergling x6  
  159  12:03  Zergling x2  
  159  12:05  Zergling x2  
  159  12:08  Zergling x2  
  155  12:11  Zergling x2  
  155  12:12  Zergling x2  
  155  12:15  Zergling x2  
  121  12:16  Queen x3  
  121  12:17  Zergling x2  
  115  12:23  Ravager  
  115  12:24  Mutalisk x2, Ravager x8  
  115  12:25  Mutalisk  
  115  12:28  Zergling x2  
  115  12:29  Mutalisk  
  131  12:31  Zergling x4  
  131  12:34  Zergling x4  
  137  12:40  Zergling x2  
  137  12:41  Zergling x2  
  137  12:43  Zergling x4  
  137  12:44  Zergling x2  
  137  12:45  Zergling x4  
  137  12:47  Zergling x2  
  137  12:50  Zergling x2  
Tags
 
Add a new tag
Caveats
  • Supply blocks, unpowered buildings, or Contaminate may cause inaccurate times.
  • Supply counts are checked every 10 seconds.